[Event "FIDE WSCC 50 2022"]
[Site "Assisi"]
[Date "2022.11.24"]
[Round "9.11"]
[White "Albadri Abd Al Sattar"]
[Black "Danielsen, Henrik"]
[Result "0-1"]
[ECO "E33"]
[WhiteElo "2167"]
[BlackElo "2514"]
[Annotator "TA"]
[PlyCount "120"]
[EventDate "2022.11.14"]
[EventType "swiss"]
[EventCountry "ITA"]
[SourceTitle "playchess.com"]
[Source "ChessBase"]
[SourceQuality "1"]
[TimeControl "40/5400+30:1800+30"]

1. d4 Nf6 2. c4 e6 3. Nc3 Bb4 4. Qc2 Nc6 5. Nf3 O-O 6. a3 Bxc3+ 7. Qxc3 a5 {[%emt 0:00:59] E33: Nimzo-Indian: Classical: 4...Nc6.} 8. Bg5 h6 9. Bh4 d6 {[%emt 0:00:27] White has an edge.} 10. e3 Qe7 11. Be2 e5 {[%emt 0:01:58] [#]} 12. dxe5 $146 ({Predecessor:} 12. O-O Bg4 13. Rfe1 g5 14. Bg3 Ne4 15. Qc2 Nxg3 16. hxg3 e4 17. Nd2 Bxe2 18. Rxe2 {1-0 (43) Boehm,S (2104)-Puetzkaul,K (1820) Leverkusen 2005}) 12... dxe5 13. Bxf6 Qxf6 14. O-O Qe7 15. Rfd1 Bg4 16. h3 Bh5 17. Rd5 f5 18. Rad1 {[%emt 0:07:50][%cal Ba1d1,Bd1d2,Bd2d5][%mdl 32] Black must now prevent Rd7.} Rad8 {[%emt 0:02:25] Inhibits Rd7.} 19. Kf1 Bxf3 20. Bxf3 e4 21. Be2 Kh7 22. R1d2 b6 23. g3 Rxd5 24. Rxd5 Qe6 {[%emt 0:00:16] Against c5} 25. Qd2 Ne5 26. Qd4 Re8 27. c5 Nf3 ({Black should try} 27... Nc6 $14 28. Qd2 Ne5) 28. Bxf3 $16 exf3 {[%emt 0:00:01][%mdl 4096] Endgame KQR-KQR} 29. Rd7 {[%emt 0:03:34] Inhibits f4.} ({Better is} 29. Qd3 $16) 29... Qe5 30. Kg1 (30. cxb6 $14 cxb6 31. Ke1 (31. Qxb6 Rb8 $11)) 30... bxc5 $11 31. Qxe5 Rxe5 32. Rxc7 {[%emt 0:00:01] KR-KR} Rd5 33. g4 fxg4 34. hxg4 Rg5 35. Rf7 Rxg4+ 36. Kf1 Rc4 37. Rxf3 Kg6 38. Kg2 Rc2 39. b3 c4 (39... Rc3 $5 ) 40. bxc4 Rxc4 41. Rf8 Ra4 42. Ra8 (42. f4 $1 $11 {keeps the balance.}) 42... Rxa3 $17 43. Kg3 Ra1 44. Ra7 a4 45. Ra5 $2 (45. e4 $17) 45... a3 $19 46. Kg2 Kf6 {[%emt 0:00:19] ...a2 is the strong threat.} 47. Ra7 $2 (47. Ra6+ {is a better defense.} Ke5 48. f3) 47... a2 48. f3 h5 $2 (48... g5 $19 49. Ra4 h5 50. Ra6+ Kf5 51. Ra5+ Kf6 52. Ra6+ Ke7) 49. Ra6+ $17 Ke5 50. Ra5+ Kd6 $1 51. f4 g6 $2 (51... Kc6 $19 52. e4 g6) 52. e4 $11 Kc6 53. e5 $2 (53. Ra7 $11 {and White has nothing to worry.} Kc5 54. Ra8) 53... Kd7 $19 54. Ra6 Ke7 {[%emt 0:00:00] Against Rd6} 55. Kh2 Rf1 56. Rxa2 Rxf4 57. Ra6 {[%emt 0:00:00] [#]} Kf7 58. Ra7+ Kf8 ({Don't go for} 58... Ke6 $2 59. Ra6+ Kf7 60. Ra7+ Kf8 61. Kg3 $19) 59. Ra8+ {[%emt 0:04:04] [#]} Kg7 $1 60. Ra7+ Kh6 {[%emt 0:00:00] Weighted Error Value: White=0.35/Black=0.31} 0-1

[Event "FIDE WSCC 50 2022"]
[Site "Assisi"]
[Date "2022.11.24"]
[Round "9.12"]
[White "Zeller, Frank"]
[Black "Wempe, Juergen"]
[Result "1-0"]
[ECO "C41"]
[WhiteElo "2359"]
[BlackElo "2177"]
[Annotator "TA"]
[PlyCount "65"]
[EventDate "2022.11.14"]
[EventType "swiss"]
[EventCountry "ITA"]
[SourceTitle "playchess.com"]
[Source "ChessBase"]
[SourceQuality "1"]
[TimeControl "40/5400+30:1800+30"]

1. e4 d6 2. d4 Nf6 3. Nc3 e5 4. Nf3 Nbd7 5. Bc4 Be7 6. O-O O-O 7. Re1 c6 8. a4 a5 9. h3 Nb6 {[%emt 1:32:44] 9...Nb6 is better than 9...exd4. C41: Philidor Defence.} 10. Ba2 Nfd7 11. Be3 Bf6 {[%emt 0:00:00] [#] White is slightly better.} 12. Re2 $146 ({Predecessor:} 12. Qd2 exd4 13. Bxd4 Ne5 14. Nxe5 dxe5 15. Be3 Qxd2 16. Bxd2 Be7 17. Be3 Nd7 18. Red1 {½-½ (30) Arenas Vanegas,D (2449)-Strikovic,A (2507) Las Palmas 2018}) 12... exd4 13. Bxd4 Ne5 14. Nxe5 Bxe5 15. Rd2 {[%emt 0:01:10] Strongly threatening Bxe5.} Bf4 16. Rd3 Be6 (16... Nd7 $1 $14) 17. Qf3 $16 Bh6 {[%emt 0:00:00] [#]} 18. Bxe6 ({White should try} 18. Qh5 $1 $18 {aiming for Rg3.} Re8 19. Rg3) 18... fxe6 19. Qg4 Re8 20. Re1 {[%emt 0:02:26] White is much more active.} ({White should play} 20. Rg3 $16 g6 21. Rd1) 20... Nd7 $11 21. Ne2 Qe7 (21... e5 $5 22. Be3 Bxe3 23. Rxe3 Nc5 $11) 22. Ng3 Rf8 23. Qd1 (23. Red1 {with more complications.} Rad8 24. Nh5 Rf7 25. e5) 23... Bf4 (23... Rf7 {simplifies} 24. Rf3 Raf8 25. Rxf7 Qxf7 26. Qe2 Bg5) 24. Nh5 Be5 (24... e5 25. Bc3 $16) 25. Bxe5 Nxe5 26. Rxd6 Qh4 27. f4 Nc4 (27... Nf3+ $1 $11 {and Black is okay.} 28. Qxf3 (28. gxf3 Qxh5 29. Kg2 Qh4 $11) 28... Qxe1+ 29. Kh2 g6) 28. Rd7 $18 ({Not} 28. Rxe6 Rad8 29. Qe2 Rd2 $16) 28... Rad8 29. Rxg7+ $40 {[%emt 0:04:27][%mdl 128] White goes for the king.} Kh8 {[%emt 0:00:00] This costs Black the game.} 30. Qe2 {[%emt 0:00:38] Rg4 is the strong threat.} Rd2 $2 (30... Nd2 31. Rd1 (31. Rxb7 Nf3+ 32. gxf3 Qxh5 $16) 31... Nxe4 32. Rxd8 Qxd8 33. Qxe4 Qd1+ 34. Kh2 Qxh5) 31. Qxc4 {[%emt 0:00:10][%cal Oc4c5] Hoping for Qc5!} Qxe1+ {[%emt 0:00:00] [#]} 32. Kh2 $1 Qxe4 33. Qxe4 {[%emt 0:00:12] Weighted Error Value: White=0.13 (very precise) /Black=0.72} 1-0

[Event "FIDE WSCC 50 2022"]
[Site "Assisi"]
[Date "2022.11.24"]
[Round "9.13"]
[White "Cummings, David H."]
[Black "de Francesco, Klaus"]
[Result "1/2-1/2"]
[ECO "A28"]
[WhiteElo "2318"]
[BlackElo "2171"]
[Annotator "TA"]
[PlyCount "44"]
[EventDate "2022.11.14"]
[EventType "swiss"]
[EventCountry "ITA"]
[SourceTitle "playchess.com"]
[Source "ChessBase"]
[SourceQuality "1"]
[TimeControl "40/5400+30:1800+30"]

1. c4 e5 2. Nc3 Nf6 3. Nf3 Nc6 4. e4 Bb4 5. d3 d6 6. a3 {[%emt 0:00:16] A28: English Opening: Four Knights Variation.} Bc5 7. b4 Bb6 8. Be3 Bg4 $1 {[%emt 0:01:40][%mdl 4] is currently scoring better than 8...0-0.} 9. Be2 Bxf3 10. Bxf3 Nd4 11. Na4 c6 12. Nxb6 Qxb6 13. O-O O-O {[%emt 0:00:14] [#]} 14. Rb1 $146 ({Predecessor:} 14. Qd2 d5 15. Bxd4 Qxd4 16. exd5 e4 17. Be2 cxd5 18. Rad1 dxc4 19. dxc4 Qe5 20. Qd4 {½-½ (42) Raahul,V (2323)-Aditya,M (2496) Abu Dhabi 2022}) 14... h6 15. g3 (15. a4 {simplifies} Qc7 16. Bxd4 exd4 17. g3) 15... d5 16. c5 (16. exd5 $14 cxd5 17. Bg2 (17. Bxd5 Nxd5 18. cxd5 Rfd8 $15) (17. cxd5 Rac8 $11)) 16... Nxf3+ $11 17. Qxf3 Qd8 18. Rfd1 a6 19. g4 (19. Bd2 $5) 19... Qd7 20. h3 Qe6 21. Qf5 dxe4 22. dxe4 Qxf5 {[%emt 0:00:41] Weighted Error Value: White=0.11 (very precise) /Black=0.06 (flawless)} 1/2-1/2

[Event "FIDE WSCC 50 2022"]
[Site "Assisi"]
[Date "2022.11.24"]
[Round "9.14"]
[White "Meessen, Rudolf"]
[Black "Rocha, Sergio"]
[Result "0-1"]
[ECO "A04"]
[WhiteElo "2158"]
[BlackElo "2316"]
[Annotator "TA"]
[PlyCount "92"]
[EventDate "2022.11.14"]
[EventType "swiss"]
[EventCountry "ITA"]
[SourceTitle "playchess.com"]
[Source "ChessBase"]
[SourceQuality "1"]
[TimeControl "40/5400+30:1800+30"]

1. e4 c5 2. d3 Nc6 3. g3 g6 4. Bg2 Bg7 5. Nf3 d6 6. O-O e6 7. c3 Nge7 8. a4 {[%emt 0:00:30] 8.d4 gains popularity. A04: Unusual lines after 1 Nf3 and King's Indian Attack.} b6 9. Re1 {[%emt 0:03:30] [#]} d5 $146 ({Predecessor:} 9... O-O 10. Na3 Ba6 11. Be3 Qd7 12. d4 cxd4 13. Nxd4 Nxd4 14. Bxd4 e5 15. Be3 Rad8 {1-0 (42) Riff,J (2235)-Roos,J (2307) France 2003}) 10. Na3 {[%emt 0:02:49] White is slightly better.} h6 11. h4 Bb7 12. e5 a6 13. d4 cxd4 14. cxd4 Nf5 15. Bh3 O-O 16. Bxf5 exf5 17. Bf4 Re8 18. b4 (18. Qd2 $5 ) 18... Qd7 (18... Nxb4 19. Qd2 Nc6 20. Bxh6 $16) 19. Qd2 Kh7 20. b5 Nd8 21. Qd3 Ne6 22. Bd2 Rec8 23. Kh2 Rc4 24. a5 (24. Nxc4 $2 dxc4 25. Qe3 axb5 26. axb5 Rxa1 27. Rxa1 Bxf3 28. Qxf3 Nxd4 $17) (24. bxa6 $11 Bxa6 25. Nb5 (25. Nxc4 dxc4 26. Qe3 Bb7 $15)) 24... axb5 $17 {[%emt 0:03:31][%cal Ob6a5] White must now prevent ...bxa5!} 25. axb6 {[%emt 0:02:31] [#]} Ra6 26. Nc2 (26. Nxc4 $2 dxc4 27. Qe3 Rxb6 $19) 26... Rxb6 27. Nb4 (27. h5 $17 {was called for.}) 27... Bf8 28. Reb1 Bc6 (28... f4 $19 29. Ra7 (29. gxf4 $2 {loses.} Bxb4 30. Rxb4 Rxb4 $19) 29... Kg8) 29. h5 $1 $15 Rb8 30. Ra6 Nc7 $2 {[%emt 0:24:57][%mdl 8192] [#]} (30... Bb7 $15 {stays ahead.} 31. Rb6 Rd8) 31. hxg6+ (31. e6 $1 $18 {and the rest is easy.} Qxe6 32. Rxc6 Rxc6 33. Re1) 31... fxg6 $16 {[%emt 0:00:05] [#] Threatens to win with ...Bxb4.} 32. Ra7 (32. e6 $1 $16 Qxe6 33. Rxc6 Rxc6 34. Nxc6 Qxc6 35. Rc1) 32... Rb7 $36 {[%emt 0:00:27][%mdl 2048] Black has some pressure.} 33. Rxb7 Bxb7 34. Nc2 Ne6 35. Ne3 Bg7 36. Ra1 Bc6 37. Ra6 {[%emt 0:02:11] Against b4} (37. Nc2 $142) 37... Ra4 $17 38. Rxa4 bxa4 39. Nh4 (39. Bc1 $142) 39... Qe8 40. g4 $2 (40. Bc1 {was worth a try.}) 40... fxg4 41. Nxg4 Qf7 42. Kg3 h5 {[%emt 0:00:00] Prevents f4. Chess con chili.} 43. Nh2 (43. Nf6+ Bxf6 44. exf6) 43... Bh6 $19 {[%emt 0:00:00] Black is clearly winning.} ({Not} 43... a3 44. Qxa3 Nxd4 45. N2f3 Nxf3 46. Nxf3 $17) 44. Bxh6 Kxh6 45. N2f3 Qf4+ 46. Kg2 {[%emt 0:00:00] [#]} Qxh4 $3 {[%emt 0:00:00][%mdl 512] Weighted Error Value: White=0.65/Black=0.27 (precise)} 0-1

[Event "FIDE WSCC 50 2022"]
[Site "Assisi"]
[Date "2022.11.24"]
[Round "9.15"]
[White "Arkell, Keith C"]
[Black "Plotkin, Victor"]
[Result "1-0"]
[ECO "A34"]
[WhiteElo "2408"]
[BlackElo "2290"]
[Annotator "TA"]
[PlyCount "61"]
[EventDate "2022.11.14"]
[EventType "swiss"]
[EventCountry "ITA"]
[SourceTitle "playchess.com"]
[Source "ChessBase"]
[SourceQuality "1"]
[TimeControl "40/5400+30:1800+30"]

1. c4 c5 2. Nc3 Nf6 3. g3 Nc6 4. Bg2 d6 5. Nf3 e5 6. d3 {[%emt 0:00:00] A34: Symmetrical English: 2 Nc3, lines with ...d5.} h6 7. a3 Be7 8. O-O {[%emt 0:00:00][%cal Ob2b4] White has an edge.} O-O 9. Rb1 a5 10. Ne1 Bg4 11. h3 {[%emt 0:01:28] [#]} Be6 $146 ({Predecessor:} 11... Bd7 12. Nc2 Qc8 13. Kh2 Nd4 14. b4 Bc6 15. Nd5 Nxd5 16. cxd5 Ba4 17. Qd2 Nxc2 18. bxc5 {0-1 (27) Tolmacheva,E (1930)-Rozhnev,G (2264) Dimitrovgrad 2009}) 12. Nd5 Rb8 13. Bd2 Qd7 14. Kh2 b5 15. Nc2 Rfc8 16. Nce3 Bd8 17. f4 bxc4 $2 (17... exf4 $11 {and Black stays safe.} 18. Nxf4 (18. Rxf4 Ne5 $11) 18... Nd4) 18. dxc4 $2 (18. Nxf6+ $1 $18 Bxf6 19. f5 (19. dxc4 exf4 20. gxf4 Nd4 $15)) 18... exf4 $11 19. gxf4 {[%emt 0:00:28] Black must now prevent Nxf6+.} Nd4 20. Bc3 Qe8 21. Qd3 Nxd5 (21... Rb3 $15 {feels stronger.}) 22. Bxd5 Bxd5 23. cxd5 Rb3 24. Rf2 h5 $2 (24... Nb5 $1 $11 25. Rc1 a4) 25. Nf5 Qd7 $2 {[%emt 0:02:33] [#] This costs Black the game.} (25... Rcb8 $16) 26. Nxg7 $1 $18 (26. Nxd4 $2 {perishes.} cxd4 27. Qxd4 {[#]} Rcxc3 $1 28. bxc3 Rxb1 $19) 26... Bf6 $2 (26... Bh4 $2 27. Rg2 Kh8 28. Nxh5 $18) (26... Kxg7 27. Bxd4+ cxd4 28. Qxb3 Qf5) 27. Nxh5 {[%emt 0:04:23] White is clearly winning.} Bh8 28. Rg1+ Kf8 29. Rfg2 {[%emt 0:00:49] aiming for Qe4.} Ke7 30. Qe4+ Kd8 31. Bxa5+ {[%emt 0:00:07] Weighted Error Value: White=0.21 (precise) /Black=0.56} 1-0